 Dungeon Sprint DCSS version 0.30-a0-965-g42e074c17a (webtiles) character file.

Game seed: 13752025472171130226

1269 sircluck the Severer (level 8, -4/82 HPs)
             Began as a Hill Orc Monk on Mar 31, 2023.
             Was a Priest of Beogh.
             Slain by a skeletal warrior
             ... wielding a +0 dire flail
              (25 damage)
             ... in the Dungeon (Sprint IX: "|||||||||||||||||||||||||||||").
             The game lasted 00:03:26 (437 turns).

sircluck the Severer (Hill Orc Monk)                 Turns: 437, Time: 00:03:26

Health: -4/82      AC:  6    Str: 16    XL:     8   Next: 53%
Magic:  8/8        EV: 15    Int: 10    God:    Beogh [***...]
Gold:   0          SH:  0    Dex: 13    Spells: 7/7 levels left

rFire   . . .      SeeInvis .    l - +1 broad axe (freeze)
rCold   . . .      Faith    .    (no shield)
rNeg    . . .      Spirit   .    r - +0 steam dragon scales
rPois   .          Reflect  .    (no helmet)
rElec   .          Rampage  .    (no cloak)
rCorr   .          NoTele   +    (no gloves)
Will    .....                    m - +0 pair of boots
Stlth   ++                       (no amulet)
HPRegen 0.33/turn                (no ring)
MPRegen 0.11/turn                (no ring)

@: no status effects
A: no striking features
a: Renounce Religion, Smiting


You were in the Dungeon.
You worshipped Beogh.
Beogh was most pleased with you.
You visited 1 branch

Inventory:

Hand Weapons
 a - a +0 hand axe
 l - a +1 broad axe of freezing (weapon)
Armour
 b - a +0 robe
 m - a +0 pair of boots (worn)
 n - a +0 pair of boots
 o - a +2 ring mail
 r - +0 steam dragon scales (worn)
Jewellery
 p - a +3 ring of intelligence
 q - a +3 ring of strength
Wands
 k - a wand of roots (9)
Scrolls
 i - a scroll of blinking
 j - 2 scrolls of amnesia
Potions
 c - a potion of ambrosia
 d - 3 potions of curing
 e - a potion of heal wounds
 f - a potion of haste
 g - 4 potions of magic
 h - a potion of invisibility


   Skills:
 + Level 11.2 Fighting
 + Level 16.5 Axes
 + Level 8.3 Dodging
 + Level 3.6 Stealth


You had 7 spell levels left.
You didn't know any spells.
Your spell library was empty.

Dungeon Overview and Level Annotations

Branches:
Dungeon (1/1)

Altars:
Cheibriados
Dithmenos
Elyvilon
Fedhas
Gozag
Hepliaklqana
Kikubaaqudgha
Makhleb
Nemelex Xobeh
Okawaru
Qazlal
Ru
Sif Muna
Trog
Uskayaw
Vehumet
Wu Jian
Xom
Yredelemnul
Zin
The Shining One
Beogh
Jiyva
Lugonu


Message History

The kobold demonologist casts a spell.
The green ugly thing headbutts you!
* * * LOW HITPOINT WARNING * * *
You are more poisoned.
The green ugly thing poisons you!
You feel better.
The kobold demonologist gestures wildly while chanting.
The green ugly thing headbutts you.
Unknown command.
You slash the green ugly thing! You freeze the green ugly thing.
The green ugly thing is almost dead.
The green ugly thing headbutts you.
* * * LOW HITPOINT WARNING * * *
You hit the green ugly thing. You freeze the green ugly thing.
The green ugly thing is almost dead.
The green ugly thing barely misses you.
The boulder beetle leaps!
You hit the green ugly thing. You freeze the green ugly thing.
You kill the green ugly thing!
Beogh accepts your kill.
Your Fighting skill increases to level 11!
Your Axes skill increases to level 16!
Your Dodging skill increases to level 8!
You feel much better.
The skeletal warrior hits you with a +0 dire flail!
You barely miss the skeletal warrior.
The kobold demonologist casts a cantrip, but nothing happens.
The skeletal warrior completely misses you.
You hit the skeletal warrior but do no damage.
You hit the skeletal warrior but do no damage.
The skeletal warrior completely misses you.
The kobold demonologist looks braver for a moment.
You closely miss the skeletal warrior.
The skeletal warrior hits you with a +0 dire flail!
* * * LOW HITPOINT WARNING * * *
You hit the skeletal warrior but do no damage.
The skeletal warrior closely misses you.
You slash the skeletal warrior! You freeze the skeletal warrior.
The skeletal warrior is moderately damaged.
The skeletal warrior hits you with a +0 dire flail!!
You die... ▓▓▓▓▓▓▓▓▓▓▓▓▓▓▓▓▓▓▓▓▓▓▓▓▓▓▓▓▓▓▓▓▓ ________'..)....@zJ44KOB.'J.BK.O+ ▓▓▓▓▓▓▓▓▓▓▓▓▓▓▓▓▓▓▓▓▓▓▓▓▓▓▓▓▓▓▓▓▓

You could see a boulder beetle, a skeletal warrior, a slime creature, a two-headed ogre, an ice devil (summoned), a kobold demonologist and a red devil (summoned).

Vanquished Creatures
  An ugly thing (D)
  2 shadows (D)
  A yak (D)
  A steam dragon (D)
  A black bear (D)
  A centaur (D)
  A scorpion (D)
  A sleepcap (D)
  An orc wizard (D)
  2 adders (D)
  2 endoplasms (D)
  3 hobgoblins (D)
17 creatures vanquished.

Notes
Turn   | Place    | Note
-------+----------+-------------------------------------------
     0 | D        | sircluck the Hill Orc Monk began the quest for the Orb.
     0 | D        | Reached XP level 1. HP: 19/19 MP: 1/1
    20 | D        | Reached XP level 2. HP: 23/28 MP: 2/2
    38 | D        | Noticed a scorpion
    38 | D        | Noticed a black bear
    43 | D        | Reached skill level 5 in Fighting
    43 | D        | Reached skill level 6 in Axes
    43 | D        | Reached XP level 3. HP: 36/36 MP: 3/3
    53 | D        | Killed a scorpion
    54 | D        | Reached skill level 8 in Axes
    54 | D        | Reached XP level 4. HP: 45/45 MP: 4/4
    59 | D        | Killed a black bear
    60 | D        | Reached skill level 10 in Axes
    60 | D        | Reached skill level 5 in Dodging
    60 | D        | Reached XP level 5. HP: 42/53 MP: 5/5
    99 | D        | Found a roughly hewn altar of Beogh.
    99 | D        | Found a snail-covered altar of Cheibriados.
    99 | D        | Found a shadowy altar of Dithmenos.
    99 | D        | Found a white marble altar of Elyvilon.
    99 | D        | Found a blossoming altar of Fedhas.
    99 | D        | Found an opulent altar of Gozag.
   100 | D        | Found a hazy altar of Hepliaklqana.
   101 | D        | Found a viscous altar of Jiyva.
   102 | D        | Became a worshipper of Beogh the Brigand
   102 | D        | Reached * piety under Beogh
   102 | D        | Reached ** piety under Beogh
   103 | D        | Found an ancient bone altar of Kikubaaqudgha.
   104 | D        | Found a corrupted altar of Lugonu.
   105 | D        | Found a burning altar of Makhleb.
   106 | D        | Found a sparkling altar of Nemelex Xobeh.
   107 | D        | Found an iron altar of Okawaru.
   108 | D        | Found a stormy altar of Qazlal.
   109 | D        | Found a sacrificial altar of Ru.
   110 | D        | Found a shimmering blue altar of Sif Muna.
   111 | D        | Found a bloodstained altar of Trog.
   112 | D        | Found a hide-covered altar of Uskayaw.
   113 | D        | Found a radiant altar of Vehumet.
   114 | D        | Found an ornate altar of the Wu Jian Council.
   115 | D        | Found a shimmering altar of Xom.
   116 | D        | Found a basalt altar of Yredelemnul.
   117 | D        | Found a glowing silver altar of Zin.
   118 | D        | Found a glowing golden altar of the Shining One.
   154 | D        | Noticed a steam dragon
   154 | D        | Noticed a shadow
   154 | D        | Noticed a centaur
   154 | D        | Noticed a yak
   154 | D        | Noticed a shadow
   158 | D        | Reached XP level 6. HP: 40/61 MP: 6/6
   159 | D        | Killed a steam dragon
   160 | D        | Reached skill level 12 in Axes
   164 | D        | Killed a shadow
   165 | D        | Reached skill level 13 in Axes
   165 | D        | Reached XP level 7. HP: 46/70 MP: 7/7
   170 | D        | Killed a yak
   170 | D        | Reached *** piety under Beogh
   171 | D        | Reached skill level 10 in Fighting
   171 | D        | Reached skill level 14 in Axes
   184 | D        | Killed a shadow
   185 | D        | Reached skill level 15 in Axes
   185 | D        | Reached XP level 8. HP: 12/80 MP: 8/8
   407 | D        | Noticed a green ugly thing
   407 | D        | Noticed a skeletal warrior
   407 | D        | Noticed a slime creature
   407 | D        | Noticed a kobold demonologist
   407 | D        | Noticed a boulder beetle
   407 | D        | Noticed a two-headed ogre
   424 | D        | Noticed an ice devil
   427 | D        | Noticed a red devil
   430 | D        | Killed a green ugly thing
   431 | D        | Reached skill level 16 in Axes
   437 | D        | Slain by a skeletal warrior

Illustrated notes

Levels and vault maps discovered:
D:        linesprint [early_d, line_temple, items_1, d_10, items_2, lair_1,
          lair_end, items_3, orc_1, orc_end, items_4, d_15, swamp_1, shoals_1,
          snake_1, spider_1, d_20, vaults_1, items_5, swamp_end, shoals_end,
          snake_end, spider_end, vaults_end, d_27, items_6, zot_1, zot_end,
          crypt_end, forest_end, elf_end, slime_end, tomb_end, abyss_end,
          pan_hell_end]

Skill      XL: |  1  2  3  4  5  6  7  8 |
---------------+-------------------------+-----
Fighting       | 4 5 6 7 8 9 10 11 | 11.2
Dodging        | 3 4 5 7 8 |  8.3
Axes           | 6 8 10 13 15 16 | 16.5
Stealth        | 2 3 |  3.6

Action                     |  1- 3 |  4- 6 |  7- 9 || total
---------------------------+-------+-------+-------++-------
  Melee: Hand axe          |    29 |     8 |       ||    37
         Broad axe         |       |     8 |    34 ||    42
  Evoke: Wand              |       |     1 |       ||     1
    Use: Potion            |     1 |       |     4 ||     5
         Scroll            |       |       |     1 ||     1
 Armour: Robe              |     3 |     2 |     1 ||     6
         Steam dragon scal |       |       |     1 ||     1
  Dodge: Dodged            |    14 |    17 |    19 ||    50

Table legend: (Time is in decaauts)
 A = Elapsed time spent in this place.
 B = Non-inter-level travel time spent in this place.
 C = Inter-level travel time spent in this place.
 D = Time resting spent in this place.
 E = Time spent auto-exploring this place.
 F = Levels seen in this place.
 G = Mean time per level.
                   A        B        C        D        E       F      G
               +--------+--------+--------+--------+--------+-----+--------+
         Total |    437 |    433 |      4 |    255 |      0 |   1 |  437.0 |
       Dungeon |    437 |    433 |      4 |    255 |      0 |   1 |  437.0 |
               +--------+--------+--------+--------+--------+-----+--------+

Top non-repeatable levels by time:
       D: 437 daAuts
